 Dungeon Crawl Stone Soup version 0.19.1-1-g22dce08 (webtiles) character file.

1127 Jynx the Arsonist (level 8, -2/41 HPs)
             Began as a Tengu Fire Elementalist on Jan 16, 2017.
             Killed from afar by Jynx's ghost (7 damage)
             ... with a magic dart
             ... on level 5 of the Dungeon.
             The game lasted 00:08:56 (5524 turns).

Jynx the Arsonist (Tengu Fire Elementalist)         Turns: 5524, Time: 00:08:57

Health: -2/41      AC:  3    Str:  9    XL:     8   Next: 35%
Magic:  5/15       EV: 12    Int: 18    God:
Gold:   324        SH:  0    Dex: 14    Spells: 4 memorised, 2 levels left

rFire  . . .     SeeInvis .     o - +1 short sword (speed)
rCold  . . .     Gourm    .     a - +1 robe
rNeg   . . .     Faith    .     (no shield)
rPois  .         Spirit   .     (helmet restricted)
rElec  .         Reflect  .     (no cloak)
rCorr  .         Harm     .     (no gloves)
MR     .....                    (boots unavailable)
Stlth  ++........               (no amulet)
                                (no ring)
                                (no ring)

@: no status effects
A: beak, talons 3, able to fly 1
a: Fly


You were on level 5 of the Dungeon.
You were not hungry.

You visited 1 branch of the dungeon, and saw 5 of its levels.

You collected 324 gold pieces.

Inventory:

Hand Weapons
 o - a +1 short sword of speed (weapon)
Armour
 a - a +1 robe (worn)
Wands
 k - a wand of disintegration (10/24)
Scrolls
 e - a scroll of recharging
 f - a scroll of fog
Potions
 d - 2 potions of berserk rage
 g - a potion of haste
 h - a potion of curing
 i - a potion of degeneration {unknown}
 j - a potion of cancellation {unknown}
 m - a potion of agility {unknown}
 n - 2 potions of heal wounds
Books
 b - a book of Flames

   Spells                             Type                      Level
   a - Flame Tongue                   Conjuration/Fire             1
   b - Throw Flame                    Conjuration/Fire             2
   c - Conjure Flame                  Conjuration/Fire             3
   d - Inner Flame                    Hexes/Fire                   3
   e - Sticky Flame                   Conjuration/Fire             4
   f - Fireball                       Conjuration/Fire             5
Comestibles
 c - 3 bread rations
 l - a meat ration


   Skills:
 + Level 1.9 Short Blades
 - Level 2.1 Dodging
 - Level 2.0 Stealth
 + Level 4.3 Spellcasting
 + Level 5.9 Conjurations
 * Level 8.3 Fire Magic


You had 2 spell levels left.
You knew the following spells:

 Your Spells              Type           Power        Failure   Level  Hunger
a - Flame Tongue          Conj/Fire      ####.        1%          1    None
b - Conjure Flame         Conj/Fire      ####....     2%          3    ###....
c - Sticky Flame          Conj/Fire      ####....     10%         4    ####...
d - Fireball              Conj/Fire      ####......   24%         5    ######.


Dungeon Overview and Level Annotations

Branches:
Dungeon (5/15)
 Temple: D:4-7

Altars:
Dithmenos
Gozag
Kikubaaqudgha
Makhleb
Xom

Annotations:
D:5 Jynx's ghost, novice TeFE


Innate Abilities, Weirdness & Mutations

You have a beak for a mouth.
You have claws for feet.
You can fly.


Message History

* * * LOW HITPOINT WARNING * * *
Casting: Flame Tongue
Confirm with . or Enter, or press ? or * to list all spells.
Aiming: Flame Tongue
Press: ? - help, Shift-Dir - straight line, f/p - Jynx's ghost
Aim: Jynx's ghost, wielding a weapon of draining (lightly damaged)
The flame tongue hits Jynx's ghost.
Jynx's ghost resists.
Jynx's ghost is moderately damaged.
Jynx's ghost casts a spell at you. The magic dart hits you!
* * * LOW HITPOINT WARNING * * *
Casting: Flame Tongue
Confirm with . or Enter, or press ? or * to list all spells.
Aiming: Flame Tongue
Press: ? - help, Shift-Dir - straight line, f/p - Jynx's ghost
Aim: Jynx's ghost, wielding a weapon of draining (moderately damaged)
The flame tongue misses Jynx's ghost.
Jynx's ghost gestures at you while chanting.
The magic dart hits you!
You die...

##.# #.....#≈...≈#......... .#.#
#.....#≈...≈#........#
.#.####...###≈...≈#........#
.#.#........#≈...≈#........# .
.#'#........###.###........##..
............# #.# #............
............# #.# #............
<....##########.###............
.......#####....@.§W...........
.................##...###......
#................#........>.#..
#...........................# .
##..........................#....
.#.........>...............##....
.##...##..............#..........
..#..##...............#..........
..####................#..........


You could see Jynx's ghost.

Vanquished Creatures
  Pikel (D:4)
  An ice beast (D:5)
  A sky beast (D:5)
  An ogre (D:3)
  The ghost of Jynx the Firebug, an amateur TeFE (D:3)
  A killer bee (D:5)
  A bullfrog zombie (D:5)
  An iguana (D:5)
  3 worker ants
  3 adders (D:4)
  An adder skeleton (D:4)
  3 worms (D:2)
  2 leopard geckos
  7 orcs
  3 bat zombies (D:5)
  6 giant cockroaches
  10 goblins
  13 hobgoblins
  11 jackals
  2 quokkas
  2 ball pythons
  12 bats
  5 frilled lizards
  2 kobolds (D:2)
  14 rats
  A rat zombie (D:5)
108 creatures vanquished.

Vanquished Creatures (others)
  Menkaure (D:4)
  Edmund (D:4)
  A slave (D:4)
  A crimson imp (D:4)
  A worm (D:4)
  4 orcs (D:4)
9 creatures vanquished.

Grand Total: 117 creatures vanquished

Notes
Turn   | Place    | Note
-------+----------+-------------------------------------------
     0 | D:1      | Jynx the Tengu Fire Elementalist began the quest for the Orb.
     0 | D:1      | Reached XP level 1. HP: 10/10 MP: 4/4
   181 | D:1      | Reached XP level 2. HP: 12/15 MP: 1/6
   670 | D:2      | Reached skill level 4 in Fire Magic
   784 | D:2      | Reached XP level 3. HP: 14/19 MP: 0/7
   965 | D:2      | Learned a level 3 spell: Conjure Flame
  1590 | D:2      | Reached XP level 4. HP: 24/24 MP: 2/8
  1862 | D:2      | Found an opulent altar of Gozag.
  1981 | D:2      | Found a shimmering altar of Xom.
  2262 | D:3      | Noticed Jynx's ghost (amateur TeFE)
  2327 | D:3      | Killed Jynx's ghost
  2327 | D:3      | Reached skill level 5 in Fire Magic
  2327 | D:3      | Gained mutation: You can fly. [Tengu growth]
  2327 | D:3      | Reached XP level 5. HP: 19/28 MP: 1/10
  2436 | D:3      | Noticed an ogre
  2444 | D:3      | Killed an ogre
  2444 | D:3      | Reached XP level 6. HP: 32/32 MP: 1/11
  2538 | D:3      | Found a shadowy altar of Dithmenos.
  3303 | D:4      | Found a burning altar of Makhleb.
  3559 | D:4      | Reached skill level 6 in Fire Magic
  3850 | D:4      | Noticed Pikel
  3874 | D:4      | HP: 1/32 [Pikel/whip of flaming (3)]
  3882 | D:4      | Killed Pikel
  3882 | D:4      | Reached skill level 5 in Conjurations
  3882 | D:4      | Reached skill level 7 in Fire Magic
  3882 | D:4      | Reached XP level 7. HP: 2/36 MP: 0/14
  4024 | D:4      | Killed Menkaure
  4293 | D:4      | Killed Edmund
  4297 | D:4      | Noticed a freed slave
  4422 | D:4      | Noticed a freed slave
  4729 | D:5      | Entered Level 5 of the Dungeon
  4789 | D:5      | Reached XP level 8. HP: 24/41 MP: 7/15
  5134 | D:5      | Found an ancient bone altar of Kikubaaqudgha.
  5152 | D:5      | Noticed Jynx's ghost (novice TeFE)
  5183 | D:5      | Learned a level 4 spell: Sticky Flame
  5189 | D:5      | Learned a level 5 spell: Fireball
  5214 | D:5      | Reached skill level 1 in Short Blades
  5237 | D:5      | Reached skill level 8 in Fire Magic
  5524 | D:5      | Killed from afar by Jynx's ghost

Skill      XL: |  1  2  3  4  5  6  7  8 |
---------------+-------------------------+-----
Fire Magic     | 4 5 7 8 |  8.3
Conjurations   | 2 3 5 |  5.9
Spellcasting   | 3 4 |  4.3
Short Blades   | 1 |  1.9
Dodging        | |  2.1
Stealth        | |  2.0

Action                   |  1- 3 |  4- 6 |  7- 9 || total
-------------------------+-------+-------+-------++-------
Melee: Unarmed           |     1 |     3 |       ||     4
       Short sword       |       |    21 |     1 ||    22
       Peck              |       |     5 |     1 ||     6
       Kick              |       |     3 |       ||     3
 Cast: Flame Tongue      |    79 |    99 |    61 ||   239
       Conjure Flame     |       |     1 |     2 ||     3
       Sticky Flame      |       |       |     2 ||     2
  Use: Scroll            |     6 |     5 |     3 ||    14
  Eat: Chunk             |     3 |     5 |     3 ||    11
       Pizza             |       |     1 |       ||     1
       Beef jerky        |       |     1 |       ||     1
       Meat ration       |       |       |     1 ||     1
Armor: Robe              |     8 |    11 |     6 ||    25
Dodge: Dodged            |    19 |    32 |    12 ||    63
